 Dungeon Crawl Stone Soup version 0.26-a0-682-g294304f6e8 (webtiles) character file.

Game seed: 3060282853970662993

16171 robertstho the Thaumaturge (level 12, -7/62 HPs)
             Began as a Deep Elf Ice Elementalist on Oct 20, 2020.
             Was a High Priest of Sif Muna.
             Killed from afar by Azrael (46 damage)
             ... with damnation
             ... on level 13 of the Dungeon.
             The game lasted 00:28:45 (15388 turns).

robertstho the Thaumaturge (DEIE)                  Turns: 15388, Time: 00:28:46

Health: -7/62      AC: 14    Str:  8    XL:     12   Next: 7%
Magic:  15/32      EV: 14    Int: 25    God:    Sif Muna [*****.]
Gold:   638        SH:  5    Dex: 16    Spells: 17/40 levels left

rFire    + + .     SeeInvis +   q - +10 long sword of Arrival {drain, rF+ Str+4}
rCold    . . .     Faith    .   (no shield)
rNeg     + . .     Spirit   .   x - +3 leather armour of Absence {Slay+3}
rPois    +         Reflect  +   G - +0 helmet
rElec    .         Harm     .   s - +2 ratskin cloak {*Rats rPois rN+ Str-1 Int-1 Dex+1}
rCorr    .         Rampage  .   j - +0 pair of gloves
MR       +....                  O - +2 pair of boots
Stlth    +++.......             y - amulet of reflection
HPRegen  0.20/turn              g - ring of see invisible
MPRegen  0.23/turn              D - ring of protection from fire

@: frozen ramparts
A: no striking features
a: Channel Magic, Forget Spell, Divine Exegesis, Renounce Religion


You were on level 13 of the Dungeon.
You worshipped Sif Muna.
Sif Muna was extremely pleased with you.
You visited 2 branches of the dungeon, and saw 14 of its levels.

You collected 782 gold pieces.
You spent 144 gold pieces at shops.

Inventory:

Hand Weapons
 q - the +10 long sword of Arrival (weapon) {drain, rF+ Str+4}
   (You bought it in a shop on level 4 of the Dungeon)

   A truly terrible weapon, it drains the life of those it strikes.
   It affects your strength (+4).
   It protects you from fire.
 z - the +1 mace "Worm's Wrath" {holy, rN+}
   (You found it on level 7 of the Dungeon)

   It has been blessed by the Shining One to cause great damage to the undead
   and demons.
   It protects you from negative energy.
 T - a +0 war axe of flaming
Missiles
 i - 35 poisoned darts (quivered)
 V - 3 curare-tipped darts
Armour
 j - a +0 pair of gloves (worn)
 s - the +2 ratskin cloak (worn) {*Rats rPois rN+ Str-1 Int-1 Dex+1}
   (You found it on level 5 of the Dungeon)

   It affects your strength (-1).
   It affects your intelligence (-1).
   It affects your dexterity (+1).
   It protects you from poison.
   It protects you from negative energy.
 x - the +3 leather armour of Absence (worn) {Slay+3}
   (You found it on level 8 of the Dungeon)

   It affects your accuracy and damage with ranged weapons and melee attacks
   (+3).
 G - a +0 helmet (worn)
 O - a +2 pair of boots (worn)
 R - a +1 robe of cold resistance
 S - a +1 leather armour of cold resistance
Magical Staves
 d - an uncursed staff of conjuration
 N - an uncursed staff of cold
Jewellery
 g - a ring of see invisible (left hand)
 t - an uncursed ring of stealth
 y - an amulet of reflection (around neck)
 B - an uncursed ring of ice
 D - a ring of protection from fire (right hand)
 I - a cursed amulet of inaccuracy {unknown}
 L - the ring "Hitum" {Dex+6 Slay+3, unknown}
   (You found it on level 10 of the Dungeon)

   [ring of dexterity]

   It affects your dexterity (+6).
   It affects your accuracy and damage with ranged weapons and melee attacks
   (+3).
 P - an uncursed ring of protection from fire
 X - an uncursed ring of fire {unknown}
Wands
 C - a wand of enslavement (29)
 E - a wand of acid (13)
 H - a wand of flame (8)
 Q - a wand of paralysis (12)
Scrolls
 a - a scroll of holy word {unknown}
 b - 6 scrolls of remove curse
 f - 5 scrolls of enchant armour {unknown}
 k - 4 scrolls of enchant weapon {unknown}
 l - 2 scrolls of blinking {unknown}
 m - 2 scrolls of random uselessness {unknown}
 o - 10 scrolls of teleportation {unknown}
 u - 2 scrolls of amnesia {unknown}
 w - 2 scrolls of magic mapping {unknown}
 A - a scroll of torment {unknown}
 K - a scroll of summoning {unknown}
 U - a scroll of vulnerability {unknown}
 W - a scroll of identify
Potions
 c - 3 potions of heal wounds
 e - 6 potions of curing
 h - 3 potions of flight {unknown}
 n - 2 potions of stabbing
 p - 4 potions of brilliance
 r - 2 potions of haste
 v - a potion of resistance
 J - 2 potions of mutation {unknown}
 M - a potion of degeneration {unknown}
Miscellaneous
 F - a box of beasts (3/3)


   Skills:
 + Level 2.0 Fighting
   Level 0.7(3.6) Short Blades
 + Level 5.1(5.2) Long Blades
 + Level 1.4 Armour
 + Level 4.1 Dodging
 + Level 5.6 Stealth
 + Level 0.1 Unarmed Combat
 * Level 14.8 Spellcasting
 + Level 4.7 Summonings
 * Level 12.3 Ice Magic
 * Level 7.7 Invocations


You had 17 spell levels left.
You knew the following spells:

 Your Spells              Type           Power        Failure   Level
a - Freeze                Ice            ####         1%          1
b - Frozen Ramparts       Ice            ######       1%          3
c - Ozocubu's Armour      Ice            ######..     1%          3
d - Hailstorm             Conj/Ice       #####...     3%          4
e - Summon Ice Beast      Ice/Summ       ######..     1%          4
f - Apportation           Tloc           ###...       4%          1
g - Swiftness             Air            ###.....     6%          2
h - Metabolic Englaciati  Hex/Ice        #####.....   10%         5

Your spell library contained the following spells:

 Spells                   Type           Power        Failure   Level
 Ensorcelled Hibernation  Hex/Ice        #####.       1%          2
 Ice Form                 Ice/Tmut       #####...     3%          4
 Corona                   Hex            ###....      4%          1
 Shock                    Conj/Air       ###.         4%          1
 Passwall                 Tmut/Erth      ###.....     6%          2
 Confusing Touch          Hex            ###.....     12%         3
 Tukima's Dance           Hex            ###.....     12%         3
 Dazzling Flash           Conj/Hex       ###...       13%         3
 Gell's Gravitas          Tloc           ###.......   13%         3
 Static Discharge         Conj/Air       ###.....     13%         3
 Airstrike                Air            ###.......   38%         4
 Passage of Golubria      Tloc           N/A          38%         4
 Petrify                  Tmut/Erth      ###.....     38%         4
 Lightning Bolt           Conj/Air       ###.......   75%         5
 Yara's Violent Unravell  Hex/Tmut       ###.......   75%         5


Dungeon Overview and Level Annotations

Branches:
Dungeon (13/15)            Temple (1/1) D:4            Lair (0/6) D:10
    Orc (0/2) D:10
 Vaults: D:13-14

Altars:
Ashenzari
Cheibriados
Dithmenos
Elyvilon
Fedhas
Kikubaaqudgha
Nemelex Xobeh
Qazlal
Sif Muna
Trog
Uskayaw
Vehumet
Wu Jian
Xom
Zin
The Shining One

Shops:
D:4 *

Portals:
Trove: D:11 (give +2 storm dragon scales)

Annotations:
D:13 Azrael


Message History

Azrael melts your ice beast.
Unknown command.
Your ice beast closely misses Azrael.
Azrael is frozen!
The wall freezes Azrael!
Azrael hits your ice beast with a +0 scimitar of flaming!!
Azrael melts your ice beast.
Your ice beast dies!
Casting: Frozen Ramparts (safe; 1% risk of failure)
Confirm with . or Enter, or press ? or * to list all spells.
A chill wind blows around you.
Your hell rat barely misses Azrael.
Azrael is frozen!
The wall freezes Azrael!!
Azrael gestures at you.
The sphere of damnation explodes!
The damnation engulfs your hell rat!!!
Your hell rat dies!
The damnation engulfs Azrael.
Azrael completely resists.
Azrael is frozen!
The wall freezes Azrael.
Azrael gestures at you.
The sphere of damnation explodes!
The damnation engulfs you!!!
Ouch! That really hurt!
You die...

#####.# #...........#
....#.# #...........+
###..)# #...........# #
##..# #.##.#......# #####
####..# #.##.#.###### ....#
)((.#.# #.##.#)# ....#
###)#.###.##.#.# ....#
..)(......##.#.#######....#
###....#.......Y@....R....+
# #.....#.#...########....#
# #...#.#.#...# ☼...# #
#...#.#.#...# ....#
###...#...#...# E...#
..#...##..##'## h...#
......##..##.# ○°..#
......##..##.# ....#
..###.###.##.#


You could see Azrael and a friendly ice beast (summoned).

Vanquished Creatures
  Fannar (D:12)
  2 centaur warriors (D:13)
  2 two-headed ogres
  Nergalle (D:10)
  An unseen horror (D:13)
  An orc knight (D:11)
  A centaur zombie (D:13)
  2 gargoyles
  A centaur skeleton (D:13)
  2 trolls (D:13)
  3 meliai (D:13)
  2 hornets
  Sigmund (D:5)
  A vampire (D:10)
  7 yaks (D:13)
  A fire elemental (D:13)
  A water moccasin (D:9)
  2 hell hounds (D:13)
  An ice beast (D:7)
  4 orc warriors
  A phantom (D:9)
  6 ogres
  A sky beast (D:12)
  An eye of draining (D:9)
  A necrophage (D:7)
  3 centaurs
  3 big kobolds
  3 bullfrogs
  A gnoll sergeant (D:9)
  A wyvern zombie (D:13)
  3 scorpions
  8 killer bees
  4 wights (D:7)
  2 howler monkeys
  A bullfrog zombie (D:5)
  6 orc priests
  7 hounds
  A quasit (D:7)
  Crazy Yiuf (D:7)
  2 bullfrog skeletons (D:5)
  2 jellies
  A hell rat (D:5)
  2 iguanas
  6 orc wizards
  7 worker ants
  Terence (D:3)
  A hound skeleton (D:5)
  7 adders
  2 gnolls (D:9)
  6 river rats (D:5)
  A shadow imp (D:10)
  2 white imps
  2 ufetubi (D:6)
  2 oozes
  2 adder skeletons
  2 worms
  2 dart slugs (D:1)
  7 leopard geckos
  43 orcs
  3 giant cockroaches
  9 goblins
  7 hobgoblins
  5 jackals
  18 kobolds
  9 quokkas
  4 ball pythons
  7 bats
  3 frilled lizards
  A jackal zombie (D:5)
  A leopard gecko skeleton (D:6)
  A quokka skeleton (D:4)
  23 rats
282 creatures vanquished.

Vanquished Creatures (collateral kills)
  Erolcha (D:9)
  A two-headed ogre (D:13)
  2 manticores (D:12)
  2 cyclopes (D:13)
  A troll (D:13)
  A nameless horror (D:6)
  A wraith (D:11)
  A fire elemental (D:13)
  2 yaks (D:13)
  3 vampire mosquitoes (D:12)
  3 phantoms
  A necrophage (D:12)
  2 ogres
  2 centaurs
  A wyvern zombie (D:10)
  A scorpion (D:13)
  9 wights
  2 centaur zombies
  3 orc priests
  A bullfrog skeleton (D:9)
  An orc wizard (D:12)
  An adder (D:12)
  A gnoll (D:9)
  A white imp (D:7)
  An adder skeleton (D:6)
  9 orcs
  A kobold (D:8)
55 creatures vanquished.

Grand Total: 337 creatures vanquished

Notes
Turn   | Place    | Note
-------+----------+-------------------------------------------
     0 | D:1      | robertstho the Deep Elf Ice Elementalist began the quest
                  | for the Orb.
     0 | D:1      | Reached XP level 1. HP: 10/10 MP: 6/6
   177 | D:1      | Reached XP level 2. HP: 15/15 MP: 5/8
   244 | D:1      | Reached skill level 5 in Ice Magic
   694 | D:1      | Reached XP level 3. HP: 19/19 MP: 7/9
   731 | D:1      | Learned a level 3 spell: Frozen Ramparts
   735 | D:1      | Learned a level 3 spell: Ozocubu's Armour
  1132 | D:2      | Noticed a scorpion
  1144 | D:2      | Killed a scorpion
  1144 | D:2      | Reached XP level 4. HP: 24/24 MP: 5/11
  1226 | D:2      | Reached skill level 4 in Spellcasting
  2392 | D:3      | Noticed Terence
  2401 | D:3      | Killed Terence
  2473 | D:3      | Reached XP level 5. HP: 28/28 MP: 10/14
  2842 | D:3      | Reached skill level 5 in Spellcasting
  3639 | D:3      | Found a bloodstained altar of Trog.
  3944 | D:4      | Learned a level 4 spell: Hailstorm
  4235 | D:4      | Found a staircase to the Ecumenical Temple.
  4285 | D:4      | Found Ediroar's Assorted Antiques.
  4288 | D:4      | Bought a crystal long sword for 144 gold pieces
  4288 | D:4      | Identified the +10 long sword of Arrival {drain, rF+ Str+4}
                  | (You bought it in a shop on level 4 of the Dungeon)
  4327 | Temple   | Entered the Ecumenical Temple
  4461 | Temple   | Became a worshipper of Sif Muna the Loreminder
  4658 | D:5      | Entered Level 5 of the Dungeon
  4689 | D:5      | Noticed a phantom
  4693 | D:5      | Noticed an ogre
  4710 | D:5      | Killed an ogre
  4710 | D:5      | Reached skill level 6 in Spellcasting
  4710 | D:5      | Reached XP level 6. HP: 19/32 MP: 10/17
  4724 | D:4      | Learned a level 4 spell: Summon Ice Beast
  4869 | D:5      | Found a radiant altar of Vehumet.
  5337 | D:5      | Reached XP level 7. HP: 37/37 MP: 15/19
  5365 | D:5      | Found the +2 ratskin cloak {*Rats rPois rN+ Str-1 Int-1
                  | Dex+1}
  5425 | D:5      | Reached skill level 7 in Spellcasting
  5698 | D:5      | Noticed Sigmund
  5699 | D:5      | Reached * piety under Sif Muna
  5717 | D:5      | Killed Sigmund
  5717 | D:5      | Reached skill level 1 in Long Blades
  6200 | D:6      | Noticed a nameless horror
  6211 | D:6      | Killed a nameless horror
  6324 | D:6      | Reached XP level 8. HP: 42/42 MP: 17/21
  6348 | D:6      | Found an ornate altar of the Wu Jian Council.
  6348 | D:6      | Found a shadowy altar of Dithmenos.
  6352 | D:6      | Found a white marble altar of Elyvilon.
  6362 | D:6      | Reached skill level 8 in Spellcasting
  6453 | D:6      | Found a snail-covered altar of Cheibriados.
  7031 | D:6      | Reached skill level 1 in Summonings
  7506 | D:7      | Found a runed translucent door.
  7507 | D:7      | Noticed Crazy Yiuf
  7575 | D:7      | Got a faintly glowing mace
  7590 | D:7      | Killed Crazy Yiuf
  7785 | D:7      | Reached ** piety under Sif Muna
  7854 | D:7      | Reached skill level 9 in Spellcasting
  8057 | D:7      | Reached XP level 9. HP: 20/46 MP: 8/24
  8382 | D:7      | Found a glowing golden altar of the Shining One.
  9431 | D:8      | Got a polished leather armour
  9591 | D:8      | Identified the +3 leather armour of Absence {Slay+3} (You
                  | found it on level 8 of the Dungeon)
  9596 | D:8      | Identified the cursed +1 mace "Worm's Wrath" {holy, rN+}
                  | (You found it on level 7 of the Dungeon)
  9633 | D:9      | Reached *** piety under Sif Muna
  9782 | D:9      | Reached skill level 10 in Spellcasting
  9791 | D:9      | Noticed Erolcha
  9800 | D:9      | Killed Erolcha
  9918 | D:9      | Reached skill level 1 in Fighting
  9918 | D:9      | Reached skill level 5 in Invocations
 10530 | D:10     | Entered Level 10 of the Dungeon
 10530 | D:10     | Noticed a two-headed ogre
 10537 | D:10     | Killed a two-headed ogre
 10537 | D:10     | Reached skill level 11 in Spellcasting
 10537 | D:10     | Reached skill level 10 in Ice Magic
 10537 | D:10     | Reached XP level 10. HP: 43/52 MP: 15/27
 10688 | D:10     | Noticed Nergalle
 10696 | D:10     | Killed Nergalle
 10722 | D:10     | Noticed a gargoyle
 10733 | D:10     | Killed a gargoyle
 11010 | D:10     | Found a staircase to the Lair.
 11173 | D:10     | Found a staircase to the Orcish Mines.
 11242 | D:10     | Got a warped turquoise ring
 11511 | D:11     | Noticed a two-headed ogre
 11518 | D:11     | Killed a two-headed ogre
 11683 | D:11     | Noticed an orc knight
 11688 | D:11     | Reached skill level 12 in Spellcasting
 11702 | D:11     | Killed an orc knight
 11954 | D:11     | Reached **** piety under Sif Muna
 12558 | D:11     | Found a portal to a secret trove of treasure.
 12806 | D:12     | Reached XP level 11. HP: 50/56 MP: 13/29
 13308 | D:12     | Reached skill level 13 in Spellcasting
 13567 | D:12     | Noticed Fannar
 13613 | D:12     | Killed Fannar
 13613 | D:12     | Reached skill level 5 in Stealth
 13719 | D:12     | Reached ***** piety under Sif Muna
 13719 | D:12     | Reached skill level 1 in Armour
 13770 | D:12     | Identified Giukiadu's Papyrus of the Shifting Traveller
                  | (Sif Muna gifted it to you on level 12 of the Dungeon)
 13770 | D:12     | Received a gift from Sif Muna
 13820 | D:12     | Learned a level 1 spell: Apportation
 13823 | D:12     | Learned a level 2 spell: Swiftness
 13829 | D:12     | Learned a level 5 spell: Metabolic Englaciation
 13842 | D:13     | Noticed a centaur warrior
 13855 | D:13     | Killed a centaur warrior
 13977 | D:13     | Noticed a two-headed ogre
 13984 | D:13     | Killed a two-headed ogre
 14195 | D:13     | Reached skill level 5 in Long Blades
 14195 | D:13     | Reached skill level 14 in Spellcasting
 15023 | D:13     | Noticed a centaur warrior
 15031 | D:13     | Killed a centaur warrior
 15361 | D:13     | Noticed an unseen horror
 15367 | D:13     | Killed an unseen horror
 15367 | D:13     | Reached XP level 12. HP: 56/62 MP: 25/32
 15377 | D:13     | Noticed Azrael
 15388 | D:13     | Killed from afar by Azrael

Illustrated notes

Levels and vault maps discovered:
D:1:      heliophobic_arrival_enchanted_forest, layout_rooms
D:2:      layout_basic, glass_columns_a
D:3:      layout_basic, lightli_temple_of_fire, uniq_terence
D:4:      layout_loops_cross, minmay_temple_entry_ruins, serial_shops,
          nicolae_shop_behind_doors, minmay_misc_feat_cross
D:5:      wander_guarded_unrand_ratskin, layout_basic, kennysheep_mini_moat,
          uniq_sigmund
D:6:      layout_gridville, kennysheep_mini, grunt_temple_overflow_open,
          minmay_misc_feat_secret_circle, chequers_serial_rivers_micro_e
D:7:      layout_loops_ring, nicolae_overflow_crystal_walls,
          uniq_crazy_yiuf_cottage
D:8:      layout_basic
D:9:      layout_roguey, uniq_erolcha
D:10:     layout_basic, lair_entry_dummy, orc_0_dummy, uniq_nergalle
D:11:     layout_roguey, nicolae_trove_entry_crystal
D:12:     layout_cave_pools, uniq_fannar
D:13:     layout_basic, uniq_azrael
Temple:   regret_index_temple_generic_petals

Skill      XL: |  1  2  3  4  5  6  7  8  9 10 11 12 |
---------------+-------------------------------------+-----
Ice Magic      | 5 6 7 8 10 11 12 | 12.3
Stealth        | 3 4 5 |  5.6
Spellcasting   | 4 6 7 9 11 12 14 | 14.8
Dodging        | 3 4 |  4.1
Invocations    | 2 3 5 6 7 |  7.7
Long Blades    | 1 3 4 5 |  5.1
Summonings     | 1 2 3 4 |  4.7
Fighting       | 1 2 |  2.0
Armour         | 1 |  1.4
Short Blades   | |  0.7
Unarmed Combat | |  0.1

Action                   |  1- 3 |  4- 6 |  7- 9 | 10-12 || total
-------------------------+-------+-------+-------+-------++-------
Melee: Unarmed           |    19 |       |       |       ||    19
       Dagger            |    12 |    33 |       |       ||    45
       Long sword        |       |    18 |   107 |    70 ||   195
       Punch             |       |     1 |       |       ||     1
       Staff             |       |       |       |    12 ||    12
 Cast: Freeze            |    29 |     3 |       |     2 ||    34
       Frozen Ramparts   |     3 |    43 |    39 |    50 ||   135
       Summon Ice Beast  |       |     2 |    30 |    76 ||   108
       Metabolic Englaci |       |       |       |     1 ||     1
Evoke: Wand              |       |       |       |     1 ||     1
  Use: Potion            |       |     1 |     3 |     4 ||     8
       Scroll            |       |       |     9 |       ||     9
 Stab: Sleeping          |     4 |     2 |     6 |     5 ||    17
       Distracted        |       |       |     2 |     1 ||     3
       Invisible         |       |       |       |     3 ||     3
Armor: Robe              |    12 |    15 |    62 |       ||    89
       Leather armour    |       |       |     7 |    58 ||    65
Dodge: Dodged            |    39 |    48 |   106 |    88 ||   281
Block: Other             |       |       |    21 |    31 ||    52
       Reflection        |       |       |     3 |     5 ||     8
       Rpst.: Long sword |       |     5 |    37 |    16 ||    58

Table legend: (Time is in decaauts)
 A = Elapsed time spent in this place.
 B = Non-inter-level travel time spent in this place.
 C = Inter-level travel time spent in this place.
 D = Time resting spent in this place.
 E = Time spent auto-exploring this place.
 F = Levels seen in this place.
 G = Mean time per level.
                   A        B        C        D        E       F      G
               +--------+--------+--------+--------+--------+-----+--------+
         Total |  15410 |  14980 |    430 |    949 |  11127 |  14 | 1100.7 |
       Dungeon |  15258 |  14846 |    412 |    949 |  10999 |  13 | 1173.7 |
        Temple |    151 |    134 |     17 |      0 |    128 |   1 |  151.0 |
               +--------+--------+--------+--------+--------+-----+--------+

Top non-repeatable levels by time:
    D:13: 1551 daAuts
     D:3: 1462 daAuts
     D:6: 1379 daAuts
     D:7: 1330 daAuts
     D:5: 1322 daAuts
     D:2: 1223 daAuts
    D:12: 1211 daAuts
    D:11: 1138 daAuts
     D:1: 1126 daAuts
    D:10: 969 daAuts
     D:9: 912 daAuts
     D:4: 821 daAuts
     D:8: 810 daAuts
  Temple: 151 daAuts
